 Dungeon Crawl Stone Soup version 0.27.1 (webtiles) character file.

Game seed: 6894871610289332217

116 Malachi the Skirmisher (level 5, -1/46 HPs)
             Began as a Ghoul Fighter on Aug 31, 2021.
             Slain by a kobold (3 damage)
             ... on level 2 of the Dungeon.
             The game lasted 00:02:27 (1116 turns).

Malachi the Skirmisher (Ghoul Fighter)              Turns: 1116, Time: 00:02:27

Health: -1/46      AC:  6    Str: 21    XL:     5   Next: 0%
Magic:  4/4        EV:  7    Int:  3    God:
Gold:   102        SH:  9    Dex:  8    Spells: 4/4 levels left

rFire    . . .     SeeInvis .   a - +0 war axe
rCold    + . .     Faith    .   c - +0 kite shield
rNeg     + + +     Spirit   .   b - +0 scale mail
rPois    ∞         Reflect  .   (no helmet)
rElec    .         Harm     .   (no cloak)
rCorr    .         Rampage  .   (no gloves)
Will     .....                  (no boots)
Stlth    ..........             (no amulet)
HPRegen  0.00/turn              (no ring)
MPRegen  0.09/turn              (no ring)

@: inhibited regen
A: claws 1, cold resistance 1, negative energy resistance 3, inhibited
regeneration, torment resistance 2
a: no special abilities


You were on level 2 of the Dungeon.
You visited 1 branch of the dungeon, and saw 2 of its levels.

You collected 102 gold pieces.

Inventory:

Hand Weapons
 a - a +0 war axe (weapon)
Armour
 b - a +0 scale mail (worn)
 c - a +0 kite shield (worn)
Jewellery
 e - an amulet of magic regeneration
Scrolls
 d - a scroll of acquirement {unknown}
 f - a scroll of vulnerability {unknown}
 g - a scroll of enchant armour {unknown}


   Skills:
 + Level 3.7 Fighting
 + Level 3.0 Axes
 + Level 3.3 Armour
 + Level 0.6 Dodging
 + Level 0.5 Stealth
 + Level 3.2 Shields


You had 4 spell levels left.
You didn't know any spells.
Your spell library contained the following spells:

 Spells                   Type           Power      Damage    Failure   Level
 Apportation              Tloc           0%         N/A       100%        1
 Petrify                  Tmut/Erth      0%         N/A       100%        4
 Alistair's Intoxication  Tmut/Pois      0%         N/A       100%        5
 Irradiate                Conj/Tmut      0%         3d13      100%        5
 Invisibility             Hex            0%         N/A       100%        6
 Sublimation of Blood     Necr           Unusable   N/A       N/A         2

Dungeon Overview and Level Annotations

Branches:
Dungeon (2/15)

Altars:

Shops:
D:1 :


Innate Abilities, Weirdness & Mutations

You thrive by killing the living.
You are immune to poison.
You have sharp fingernails.
Your flesh is cold resistant. (rC+)
You are immune to negative energy. (rN+++)
You do not regenerate when monsters are visible.
You are immune to unholy pain and torment.


Message History

You kill the rat!
You closely miss the kobold. The kobold closely misses you. The worm bites you.
The kobold hits you with a +2 dagger of venom.
You hit the worm.
The worm is severely wounded.
You closely miss the kobold. You block the kobold's attack. The worm bites you!
Unknown command.
You are too injured to fight recklessly!
You are too injured to fight recklessly!
Unknown command.
Unknown command.
You are too injured to fight recklessly!
You are too injured to fight recklessly!
You are too injured to fight recklessly!
You are too injured to fight recklessly!
You closely miss the kobold. You hit the worm.
The kobold hits you but does no damage. You block the worm's attack.
The kobold hits you with a +2 dagger of venom.
You hit the worm.
The worm is almost dead.
You closely miss the kobold. The kobold hits you but does no damage.
The worm bites you. The kobold hits you but does no damage.
Your shield and scale mail prevent you from hitting the worm.
The worm is almost dead.
You closely miss the kobold. The worm bites you!
* * * LOW HITPOINT WARNING * * *
The kobold hits you with a +2 dagger of venom.
* * * LOW HITPOINT WARNING * * *
You slash the worm!
You kill the worm!
You feel better.
You barely miss the kobold.
The kobold hits you with a +2 dagger of venom.
* * * LOW HITPOINT WARNING * * *
You block the kobold's attack.
Your Axes skill increases to level 3!
You have reached level 5!
You feel stronger.
You miss the kobold.
The kobold hits you with a +2 dagger of venom.
You die...

##......#..........##
...####..#########†#
...# ##.## #.# '..#
#..#### #.# #.##
##.>..### #.#
#.##########...###.#
#............#..##.#
#.##########..#.#†.#####
#.# ##...@K...... #.#
#####....... #.. .......
# #...... ' ......
.##### #


You could see a kobold.

Vanquished Creatures
  2 orc wizards (D:2)
  An adder (D:2)
  A worm (D:2)
  A dart slug (D:1)
  3 orcs (D:2)
  5 endoplasms
  2 giant cockroaches
  3 hobgoblins
  7 jackals (D:1)
  4 kobolds
  A quokka (D:1)
  3 ball pythons (D:1)
  6 bats
  2 frilled lizards
  3 goblins
  3 rats
47 creatures vanquished.

Notes
Turn   | Place    | Note
-------+----------+-------------------------------------------
     0 | D:1      | Malachi the Ghoul Fighter began the quest for the Orb.
     0 | D:1      | Reached XP level 1. HP: 19/19 MP: 0/0
    20 | D:1      | Reached XP level 2. HP: 24/26 MP: 1/1
    91 | D:1      | Found Iqurch's Book Emporium.
   287 | D:1      | Found a faded altar of an unknown god.
   338 | D:1      | Reached XP level 3. HP: 28/31 MP: 2/2
   710 | D:2      | Reached XP level 4. HP: 8/39 MP: 3/3
  1115 | D:2      | HP: 2/40 [kobold (4)]
  1116 | D:2      | Reached XP level 5. HP: 2/46 MP: 4/4
  1116 | D:2      | Slain by a kobold

Illustrated notes

Levels and vault maps discovered:
D:1:      lemuel_arrival_behind_the_door_small, layout_rooms,
          ebering_ecumenical_altar_abandoned, serial_shops, shop,
          minmay_strange_pillars
D:2:      layout_rooms, minivault_11

Skill      XL: |  1  2  3  4 |
---------------+-------------+-----
Axes           | 2 3 |  3.0
Armour         | 3 |  3.3
Shields        | 3 |  3.2
Fighting       | |  3.7
Dodging        | |  0.6
Stealth        | |  0.5

Action                   |  1- 3 |  4- 6 || total
-------------------------+-------+-------++-------
Melee: War axe           |   105 |    25 ||   130
  Use: Scroll            |     1 |       ||     1
       Potion            |       |     1 ||     1
 Stab: Confused          |     2 |       ||     2
Armor: Scale mail        |    87 |    14 ||   101
Dodge: Dodged            |    45 |    12 ||    57
Block: Kite shield       |    60 |    14 ||    74
